 Dungeon Crawl Stone Soup version 0.29.1-1-gd02db6906a (webtiles) character file.

Game seed: 2828703018080971180

440 unlimited1921 the Magician (level 7, -7/45 HPs)
             Began as a Djinni Fire Elementalist on Sept 24, 2022.
             Was an Initiate of Qazlal.
             Mangled by Duvessa
             ... wielding a +0 short sword
              (12 damage)
             ... on level 4 of the Dungeon.
             The game lasted 00:16:32 (6061 turns).

unlimited1921 the Magician (DjFE)                   Turns: 6061, Time: 00:16:35

Health: -7/45      AC:  3    Str:  7    XL:     7   Next: 22%
Gold:   158        EV: 12    Int: 19    God:    Qazlal [......] SH:  0 Dex: 13

rFire   + + .      SeeInvis .   r - +0 rapier (freeze)
rCold   x . .      Faith    .   (no shield)
rNeg    . . .      Spirit   .   h - +0 leather armour
rPois   ∞          Reflect  .   (no helmet)
rElec   .          Harm     .   (no cloak)
rCorr   .          Rampage  .   (no gloves)
Will    .....                   (boots unavailable)
Stlth   ++........              (no amulet)
HPRegen 0.15/turn               (no ring)
MPRegen 0.00/turn               (no ring)

@: flying
A: sickness immunity, fire resistance 2, cold vulnerability 1, float, innate
caster, HP casting, extra vitality 1
a: Renounce Religion


You were on level 4 of the Dungeon.
You worshipped Qazlal.
Qazlal was noncommittal.
You visited 1 branch of the dungeon, and saw 4 of its levels.

You collected 207 gold pieces.
You spent 49 gold pieces at shops.

Inventory:

Hand Weapons
 r - a +0 rapier of freezing (weapon)
 u - a +6 short sword
Missiles
 c - 40 stones
 e - 4 boomerangs
 n - a throwing net
Armour
 a - a +0 robe
 h - a +0 leather armour (worn)
 j - a +0 ring mail
 t - a +0 tower shield
Wands
 m - a wand of iceblast (11)
 w - a wand of flame (1) (quivered)
Scrolls
 g - a scroll of immolation
 k - 5 scrolls of blinking {unknown}
 q - a scroll of amnesia
Potions
 b - 2 potions of heal wounds {unknown}
 d - 2 potions of haste
 f - 2 potions of degeneration {unknown}
 i - a potion of curing {unknown}
 l - a potion of flight {unknown}
 o - a potion of cancellation {unknown}
 s - a potion of invisibility
 v - a potion of magic {unknown}


   Skills:
 + Level 1.7 Armour
 + Level 2.8 Dodging
 + Level 2.2 Stealth
 * Level 1.3 Shields
 + Level 5.1 Spellcasting


You couldn't memorise any spells.
You knew the following spells:

 Your Spells              Type           Power      Damage    Failure   Level
a - Foxfire               Conj/Fire      96%        2x1d8     2%          1
b - Scorch                Fire           48%        2d7       3%          2
c - Conjure Flame         Conj/Fire      24%        6-21      6%          3
d - Inner Flame           Hex/Fire       24%        N/A       6%          3
e - Flame Wave            Conj/Fire      24%        2d8       22%         4
f - Beastly Appendage     Tmut           48%        N/A       2%          1
g - Ensorcelled Hibernat  Hex/Ice        48%        N/A       3%          2
h - Teleport Other        Tloc           24%        N/A       6%          3
Your spell library was empty.

Dungeon Overview and Level Annotations

Branches:
Dungeon (4/15)
 Temple: D:4-7

Altars:
Qazlal
Zin

Shops:
D:4 **

Annotations:
D:4 Duvessa


Innate Abilities, Weirdness & Mutations

You are immune to sickness and miasma.
You are immune to poison.
Your flesh is very heat resistant. (rF++)
You are vulnerable to cold. (rC-)
You float through the air rather than walking.
You learn spells naturally, not from books.
Your magical power is your life essence.
You have superior vitality. (+4 MHP)


Message History

You hear a distant scream of rage.
Dowan explodes!
You hear a shout!
Casting: Foxfire (safe; 2% risk of failure)
Confirm with . or Enter, or press ? or * to list all spells.
You conjure some foxfire!
Casting: Foxfire (safe; 2% risk of failure)
Confirm with . or Enter, or press ? or * to list all spells.
You conjure some foxfire!
Your foxfire dissipates!
Your foxfire dissipates!
Casting: Foxfire (safe; 2% risk of failure)
Confirm with . or Enter, or press ? or * to list all spells.
Aiming: Inner Flame (dangerous; 6% risk of failure)
Press: ? - help, Dir - move target, f - Duvessa
Aim: Duvessa, wielding a +0 short sword and wearing a +0 plate armour (ally target, chance to affect: 64%) Duvessa is filled with an inner flame.
Duvessa goes berserk!
Your foxfire dissipates! x2
Casting: Inner Flame (dangerous; 6% risk of failure)
Confirm with . or Enter, or press ? or * to list all spells.
You conjure some foxfire!
Casting: Foxfire (safe; 2% risk of failure)
Confirm with . or Enter, or press ? or * to list all spells.
Flames lash Duvessa but do no damage.
The foxfire hits Duvessa but does no damage.
Casting: Scorch (safe; 3% risk of failure)
Confirm with . or Enter, or press ? or * to list all spells.
You conjure some foxfire!
Duvessa hits you with a +0 short sword! x2
* * * LOW HITPOINT WARNING * * *
Your foxfire dissipates!
The foxfire hits Duvessa but does no damage.
Casting: Foxfire (safe; 2% risk of failure)
Confirm with . or Enter, or press ? or * to list all spells.
Aiming: Teleport Other (dangerous; 6% risk of failure)
Press: ? - help, Shift-Dir - straight line, f/p - Duvessa
Aim: Duvessa, wielding a +0 short sword and wearing a +0 plate armour (berserk, inner flame, ally target, chance to affect: 47%) Duvessa resists with some effort.
* * * LOW HITPOINT WARNING * * *
Duvessa hits you with a +0 short sword!
You die...

.###....#.## .# #
#..#.......###.#.#
....#.......v#.#.# .
.....##....#.§.§.# ..
........#..§..†#§#####.
##........##§.#.......
#...#######§§....§.#
#...# ##§#.##.#####
#...# #.v§@.<....#
#...# ###e##.###.# ..
#........# #†####.#...
... #.###.# ..)#. #.. #
#.⌠○#. ..# #). ## ###
..)


You could see Duvessa (berserk, inner flame, ally target).

Vanquished Creatures
  A black bear (D:4)
  A scorpion (D:3)
  Dowan (D:4)
  An orc priest (D:4)
  Terence (D:2)
  An orc wizard (D:3)
  8 adders
  2 worms
  4 orcs
  3 bats (D:1)
  5 endoplasms
  5 giant cockroaches
  10 goblins
  6 hobgoblins (D:1)
  4 jackals (D:1)
  4 quokkas
  5 ball pythons
  2 frilled lizards
  11 kobolds
  7 rats (D:1)
82 creatures vanquished.

Vanquished Creatures (others)
  185 foxfires
185 creatures vanquished.

Grand Total: 267 creatures vanquished

Notes
Turn   | Place    | Note
-------+----------+-------------------------------------------
     0 | D:1      | unlimited1921 the Djinni Fire Elementalist began the quest
                  | for the Orb.
     0 | D:1      | unlimited1921 set off with the following spells memorised:
                  | Foxfire, Scorch, Conjure Flame, Inner Flame, Flame Wave.
     0 | D:1      | Reached XP level 1. HP: 15/15 MP: 0/0
    47 | D:1      | Reached XP level 2. HP: 13/21 MP: 0/0
   477 | D:1      | Reached skill level 3 in Spellcasting
   811 | D:1      | Reached XP level 3. HP: 23/25 MP: 0/0
   811 | D:1      | Learned a level 1 spell: Beastly Appendage
  1559 | D:1      | Found a faded altar of an unknown god.
  2384 | D:2      | Reached XP level 4. HP: 28/31 MP: 0/0
  3228 | D:2      | Noticed Terence
  3236 | D:2      | Killed Terence
  3973 | D:3      | Reached XP level 5. HP: 33/35 MP: 0/0
  3973 | D:3      | Learned a level 2 spell: Ensorcelled Hibernation
  4406 | D:3      | Reached skill level 4 in Spellcasting
  4535 | D:3      | Reached skill level 1 in Armour
  4703 | D:3      | Reached XP level 6. HP: 38/40 MP: 0/0
  5082 | D:3      | Found a stormy altar of Qazlal.
  5087 | D:3      | Became a worshipper of Qazlal Stormbringer
  5117 | D:3      | Found a glowing silver altar of Zin.
  5531 | D:4      | Found Cicrer's General Store.
  5665 | D:4      | Found Oruahopn's Specific Store.
  5806 | D:4      | Bought a scroll of identify for 24 gold pieces
  5806 | D:4      | Bought a wand of flame (3) for 25 gold pieces
  5879 | D:4      | Noticed a black bear
  5884 | D:4      | Killed a black bear
  5885 | D:4      | Reached skill level 1 in Shields
  5885 | D:4      | Reached skill level 5 in Spellcasting
  5885 | D:4      | Reached XP level 7. HP: 21/45 MP: 0/0
  5885 | D:4      | Learned a level 3 spell: Teleport Other
  6044 | D:4      | Noticed Duvessa
  6050 | D:4      | Noticed Dowan
  6052 | D:4      | Killed Dowan
  6061 | D:4      | Mangled by Duvessa

Illustrated notes

Levels and vault maps discovered:
D:1:      noname_arrival_rooms_in_the_neighbourhood, layout_basic,
          hellmonk_ecumenical_altar_arch_garden, st_stairs_1
D:2:      layout_basic, serial_aquarium, aquarium_bridge_square
          [aquarium_subvault_wall, aquarium_subvault_wall,
          aquarium_subvault_window, aquarium_subvault_bridge],
          aquarium_bridge_straight [aquarium_subvault_bridge,
          aquarium_subvault_window, aquarium_subvault_bridge,
          aquarium_subvault_wall], aquarium_window_1, aquarium_window_1,
          aquarium_window_fake, aquarium_view_2a, uniq_terence
D:3:      layout_loops_corners, mainiacjoe_overflow_big_doors,
          kennysheep_generic_room_3
D:4:      layout_loops_cross, minmay_temple_entry_junction_2,
          minmay_misc_feat_chi, nicolae_specific_store, st_stairs_14,
          uniq_duvessa

Skill      XL: |  1  2  3  4  5  6 |
---------------+-------------------+-----
Spellcasting   | 3 4 5 |  5.1
Armour         | 1 |  1.7
Stealth        | 2 |  2.2
Shields        | 1 |  1.3
Dodging        | |  2.8

Action                   |  1- 3 |  4- 6 |  7- 9 || total
-------------------------+-------+-------+-------++-------
 Cast: Foxfire           |    54 |    63 |     8 ||   125
       Scorch            |    15 |    28 |     1 ||    44
       Inner Flame       |       |     5 |     2 ||     7
       Ensorcelled Hiber |       |     1 |       ||     1
       Teleport Other    |       |       |     1 ||     1
Evoke: Wand              |       |     2 |       ||     2
  Use: Scroll            |       |     4 |       ||     4
Armor: Leather armour    |       |     2 |       ||     2
Dodge: Dodged            |     1 |     8 |       ||     9
